 Dungeon Crawl Stone Soup version 0.31.0-11-ge490571c62 (webtiles) character file.

Game seed: 4556025092933364402

1112 Sobieck the Fighter (level 8, -9/101 HPs)
             Began as an Oni Fighter on Jan 29, 2024.
             Was a Follower of Yredelemnul.
             Mangled by an orc warrior
             ... wielding a +0 long sword
              (11 damage)
             ... on level 6 of the Dungeon on Jan 30, 2024.
             The game lasted 00:08:21 (4278 turns).

Sobieck the Fighter (Oni Fighter)                   Turns: 4278, Time: 00:08:22

Health: -9/101     AC:  3    Str: 23    XL:     8   Next: 33%
Magic:  9/9        EV:  8    Int:  9    God:    Yredelemnul [*.....]
Gold:   371        SH:  8    Dex:  8    Spells: 7/7 levels left

rFire   . . .        n - +1 flail
rCold   . . .        c - +1 kite shield
rNeg    . . .        b - +0 robe
rPois   .            (helmet restricted)
rElec   .            (no cloak)
rCorr   .            (gloves unavailable)
SInv    .            (boots unavailable)
Will    .....        (no amulet)
Stlth   +            (no ring)
HPRegen 0.36/turn    (no ring)
MPRegen 0.11/turn

%: no passive effects
@: no status effects
A: large, unfitting armour, horns 1, tough skin 1, double potion healing,
drunken brawling
a: Renounce Religion, Recall Undead Harvest


You were on level 6 of the Dungeon.
You worshipped Yredelemnul.
Yredelemnul was noncommittal.
You visited 1 branch of the dungeon, and saw 6 of its levels.

You collected 371 gold pieces.

Inventory:

Hand Weapons
 n - a +1 flail (weapon)
Armour
 b - a +0 robe (worn)
 c - a +1 kite shield (worn)
Magical Staves
 q - a staff of air
Jewellery
 i - a ring of wizardry
Wands
 a - a wand of acid (19)
 o - a wand of roots (19)
Scrolls
 e - a scroll of teleportation {unknown}
 g - 2 scrolls of immolation
 j - a scroll of fog
 k - a scroll of fear
 l - a scroll of enchant armour
 r - 2 scrolls of silence {unknown}
Potions
 d - a potion of might
 f - 2 potions of heal wounds {unknown}
 h - a potion of enlightenment {unknown}
 m - a potion of ambrosia {unknown}
 p - a potion of attraction {unknown}
 s - a potion of haste {unknown}
 Q - 5 potions of curing


   Skills:
 + Level 12.8 Fighting
 + Level 9.7 Maces & Flails
 - Level 2.6 Dodging
 - Level 2.6 Shields
 + Level 1.8 Invocations


You had 7 spell levels left.
You didn't know any spells.
Your spell library contained the following spells:

 Spells                   Type           Power      Damage    Failure   Level
 Necrotise                Necr           0%         1d4       67%         1
 Summon Small Mammal      Summ           0%         N/A       67%         1
 Call Canine Familiar     Summ           0%         N/A       95%         3
 Stone Arrow              Conj/Erth      0%         3d7       95%         3
 Volatile Blastmotes      Fire/Tloc      0%         2d10      95%         3
 Fulminant Prism          Conj/Alch      0%         3d5       100%        4
 Iskenderun's Mystic Bla  Conj/Tloc      0%         2d3       100%        4
 Summon Blazeheart Golem  Fire/Summ      0%         N/A       100%        4
 Summon Lightning Spire   Summ/Air       0%         N/A       100%        4
 Fireball                 Conj/Fire      0%         3d3       100%        5
 Plasma Beam              Fire/Air       0%         2x1d10    100%        6
 Fire Storm               Conj/Fire      0%         5d1       100%        9


Dungeon Overview and Level Annotations

Branches:
Dungeon (6/15)
 Temple: D:4-7

Altars:
Dithmenos
Hepliaklqana
Kikubaaqudgha
Sif Muna
Vehumet
Xom
Yredelemnul
Zin
The Shining One


Innate Abilities, Weirdness & Mutations

You are too large for most types of armour.
You have a pair of small horns on your head.
You have tough skin. (AC +1)
You gain doubled healing and magic from potions.
Whenever you drink a healing potion, you attack all around you.


Message History

Unknown command.
You closely miss the orc. Your headbutt misses the orc.
Your orc wizard zombie hits the orc warrior but does no damage.
The orc hits you with a +0 flail.
* * * LOW HITPOINT WARNING * * *
You block the orc warrior's attack.
You barely miss the orc.
Your orc wizard zombie hits the orc warrior but does no damage.
The orc hits you with a +0 flail!
* * * LOW HITPOINT WARNING * * *
Your orc priest zombie closely misses the orc warrior.
The orc warrior hits you with a +0 long sword!
* * * LOW HITPOINT WARNING * * *
You thump the orc!
You kill the orc!
The dead are walking!
The orc warrior barely misses you.
Your orc wizard zombie misses the orc warrior.
Your orc priest zombie barely misses the orc warrior.
Unknown command.
You thump the orc warrior! Your headbutt misses the orc warrior.
The orc warrior is heavily wounded.
The orc warrior closely misses you.
Your orc priest zombie barely misses the orc warrior.
Your orc wizard zombie closely misses the orc warrior.
You barely miss the orc warrior. Your headbutt misses the orc warrior.
The orc warrior is heavily wounded.
Your orc zombie hits the orc warrior but does no damage.
The orc warrior hits you with a +0 long sword!
* * * LOW HITPOINT WARNING * * *
Your orc priest zombie hits the orc warrior but does no damage.
You closely miss the orc warrior.
The orc warrior is heavily wounded.
Your orc wizard zombie hits the orc warrior but does no damage.
The orc warrior hits you with a +0 long sword!
* * * LOW HITPOINT WARNING * * *
Your orc zombie barely misses the orc warrior.
You hit the orc warrior. Your headbutt misses the orc warrior.
The orc warrior is severely wounded.
The orc warrior hits you with a +0 long sword!
* * * LOW HITPOINT WARNING * * *
Your orc priest zombie hits the orc warrior but does no damage.
Your orc wizard zombie hits the orc warrior but does no damage.
Your orc zombie closely misses the orc warrior.
Unknown command.
You catch the helpless orc warrior completely off-guard!
You hit the orc warrior but do no damage.
The orc warrior is severely wounded.
The orc warrior hits you with a +0 long sword!
You die...
Your body rises from the dead as a mindless zombie.

.. #####.#
#..... .....#
#....# #Z...#
#######)o..####
+.....)@ZZ.....
#######....####
#....#!...+
#.##.# #### #.#
?# #.# .# #.#
.# ## #.# .. ..
#.##### .# #


You could see an orc warrior (ally target), a friendly orc zombie, a friendly
orc priest zombie and a friendly orc wizard zombie.

Vanquished Creatures
  3 ice beasts (D:5)
  A scorpion (D:5)
  A howler monkey (D:4)
  3 orc priests
  2 hounds (D:4)
  4 orc wizards
  Ijyb (D:4)
  An iguana (D:4)
  Robin (D:2)
  6 adders
  A shadow imp (D:5)
  A dart slug (D:1)
  8 orcs
  4 ball pythons
  5 endoplasms
  2 giant cockroaches
  10 goblins (D:2)
  4 hobgoblins
  2 jackals
  3 quokkas
  2 bats
  3 frilled lizards
  9 kobolds
  3 rats (D:1)
80 creatures vanquished.

Vanquished Creatures (collateral kills)
  Sigmund (D:4)
  A hound (D:4)
  An adder (D:3)
  A hobgoblin (D:4)
  A bat (D:3)
  2 frilled lizards
  2 goblins (D:2)
9 creatures vanquished.

Vanquished Creatures (others)
  An ice beast zombie (D:5)
  A frilled lizard zombie (D:2)
  A giant cockroach zombie (D:3)
  3 goblin zombies (D:2)
  An orc zombie (D:5)
7 creatures vanquished.

Grand Total: 96 creatures vanquished

Notes
Turn   | Place    | Note
-------+----------+-------------------------------------------
     0 | D:1      | Sobieck the Oni Fighter began the quest for the Orb.
     0 | D:1      | Reached XP level 1. HP: 24/24 MP: 1/1
   165 | D:1      | Found a faded altar of an unknown god.
   172 | D:1      | Prayed at the altar of an unknown god.
   172 | D:1      | Became a worshipper of Yredelemnul the Dark
   172 | D:1      | Reached * piety under Yredelemnul
   177 | D:1      | Reached XP level 2. HP: 33/33 MP: 2/2
   650 | D:1      | Reached ** piety under Yredelemnul
   927 | D:2      | Noticed Robin
   938 | D:2      | Reached XP level 3. HP: 3/41 MP: 3/3
  1112 | D:2      | Reached skill level 5 in Fighting
  1125 | D:2      | Reached skill level 3 in Maces & Flails
  1172 | D:2      | Killed Robin
  1793 | D:3      | Reached XP level 4. HP: 50/50 MP: 4/4
  1911 | D:3      | Found a hazy altar of Hepliaklqana.
  2315 | D:3      | Found a glowing golden altar of the Shining One.
  2322 | D:3      | Found a shimmering altar of Xom.
  2438 | D:3      | Reached skill level 11 in Fighting
  2438 | D:3      | Reached XP level 5. HP: 74/74 MP: 5/5
  2460 | D:4      | Reached XP level 6. HP: 79/83 MP: 6/6
  2553 | D:4      | Noticed Sigmund
  2559 | D:4      | Killed Sigmund
  2560 | D:4      | Reached skill level 12 in Fighting
  2560 | D:4      | Reached skill level 9 in Maces & Flails
  2718 | D:4      | Noticed Ijyb
  2729 | D:4      | Killed Ijyb
  2730 | D:4      | Reached XP level 7. HP: 41/91 MP: 7/7
  2742 | D:4      | Got the Vellum of Calorific Battling
  3000 | D:4      | Found a radiant altar of Vehumet.
  3016 | D:4      | Found an ancient bone altar of Kikubaaqudgha.
  3017 | D:4      | Found a shimmering blue altar of Sif Muna.
  3023 | D:4      | Got Kikubaaqudgha's Compendium of Malevolent Rituals
  3261 | D:5      | Entered Level 5 of the Dungeon
  3444 | D:5      | Got Zeheorghi's Omnibus of Turbulence and Blasting
  3486 | D:5      | Reached XP level 8. HP: 76/101 MP: 8/8
  3598 | D:5      | Reached *** piety under Yredelemnul
  3815 | D:5      | Reached skill level 1 in Invocations
  4009 | D:5      | Found a shadowy altar of Dithmenos.
  4186 | D:5      | Found a glowing silver altar of Zin.
  4277 | D:6      | HP: 2/101 [orc warrior/+0 long sword (16)]
  4278 | D:6      | Mangled by an orc warrior

Illustrated notes

Levels and vault maps discovered:
D:1:      dpeg_arrival_rhombi, layout_loops_ring,
          hellmonk_ecumenical_altar_blasted, chequers_serial_rivers_small_3,
          grunt_decor_mini_mirrors, minmay_bisected
D:2:      layout_rooms, chequers_serial_rivers_large_a, patterned_corridor,
          uniq_robin
D:3:      layout_basic, nicolae_overflow_crystal_walls,
          amethyst_overflow_temple_binary, minmay_quantized
D:4:      layout_basic, grunt_temple_overflow_magic_moments, kennysheep_potato,
          uniq_sigmund, uniq_ijyb
D:5:      layout_rooms, grunt_dithmenos_shadows, lemuel_coloured_pillars_altar
D:6:      layout_basic, nicolae_ru_sacrificial_ziggurat,
          mainiacjoe_overflow_brackets, serial_shops, nicolae_shop_rolled_up,
          uniq_eustachio

Skill      XL: |  1  2  3  4  5  6  7  8 |
---------------+-------------------------+-----
Fighting       | 5 11 12 | 12.8
Maces & Flails | 3 8 9 |  9.7
Invocations    | 1 |  1.8
Dodging        | |  2.6
Shields        | |  2.6

Action                     |  1- 3 |  4- 6 |  7- 9 || total
---------------------------+-------+-------+-------++-------
  Melee: Flail             |    85 |    55 |    86 ||   226
         Headbutt          |     7 |     9 |    14 ||    30
 Invoke: Recall Undead Har |     1 |       |       ||     1
    Use: Scroll            |     1 |     9 |       ||    10
         Potion            |       |     1 |       ||     1
   Stab: Distracted        |       |       |     1 ||     1
 Armour: Robe              |    60 |    30 |    65 ||   155
  Dodge: Dodged            |    27 |    16 |    21 ||    64
  Block: Kite shield       |    27 |    32 |    24 ||    83
